 Dungeon Crawl Stone Soup version 0.30.0-5-g1a98f26d00 (webtiles) character file.

Game seed: 12877184760222676725

257 thromnambular the Cutter (level 6, -6/46 HPs)
             Began as a Human Wanderer on May 11, 2023.
             Was a Believer of the Shining One.
             Mangled by an ogre
             ... wielding a +0 giant club
              (28 damage)
             ... on level 4 of the Dungeon.
             The game lasted 00:09:18 (3047 turns).

thromnambular the Cutter (Human Wanderer)           Turns: 3047, Time: 00:09:19

Health: -6/46      AC:  6    Str:  9    XL:     6   Next: 39%
Magic:  4/7        EV: 11    Int: 13    God:    the Shining One [**....]
Gold:   40         SH:  6    Dex: 17    Spells: 7/7 levels left

rFire   . . .        q - +0 long sword
rCold   + . .        (no shield)
rNeg    + . .        a - +0 ring mail
rPois   .            b - +0 helmet
rElec   .            (no cloak)
rCorr   .            (no gloves)
SInv    .            (no boots)
Will    .....        (no amulet)
Stlth   +            l - ring of protection from cold
HPRegen 0.27/turn    (no ring)
MPRegen 0.10/turn

%: no passive effects
@: divinely shielded, glowing
A: no striking features
a: Renounce Religion, Divine Shield


You were on level 4 of the Dungeon.
You worshipped the Shining One.
The Shining One was pleased with you.
You visited 1 branch of the dungeon, and saw 4 of its levels.

You collected 136 gold pieces.
You spent 96 gold pieces at shops.

Inventory:

Hand Weapons
 q - a +0 long sword (weapon)
Armour
 a - a +0 ring mail (worn)
 b - a +0 helmet (worn)
Jewellery
 l - a ring of protection from cold (left hand)
 p - a ring of resist corrosion
Wands
 f - a wand of flame (11)
Scrolls
 d - a scroll of identify
 e - a scroll of summoning {unknown}
 h - a scroll of fog {unknown}
 j - 2 scrolls of fear {unknown}
 m - 2 scrolls of teleportation {unknown}
 n - a scroll of blinking {unknown}
Potions
 c - a potion of flight
 g - a potion of curing
 k - a potion of mutation {unknown}
 o - 2 potions of haste


   Skills:
 + Level 2.9 Fighting
 - Level 3.8(3.9) Short Blades
 + Level 1.4(2.8) Long Blades
 * Level 1.5 Armour
 - Level 2.4 Dodging
 - Level 3.2 Stealth
 - Level 1.0 Spellcasting
 - Level 1.0 Conjurations
 - Level 2.0 Evocations


You had 7 spell levels left.
You didn't know any spells.
Your spell library contained the following spells:

 Spells                   Type           Power      Damage    Failure   Level
 Searing Ray              Conj           6%         2d4       58%         2
 Momentum Strike          Conj/Tloc      2%         3d8       67%         2
 Poisonous Vapours        Pois/Air       0%         N/A       75%         2
 Mephitic Cloud           Conj/Pois/Air  1%         N/A       89%         3
 Ignite Poison            Fire/Tmut/Pois 0%         N/A       92%         3
 Sticky Flame             Conj/Fire      1%         2d3       99%         4
 Freezing Cloud           Conj/Ice/Air   0%         6-21      100%        5
 Ignition                 Fire           0%         3d3       100%        8


Dungeon Overview and Level Annotations

Branches:
Dungeon (4/15)
 Temple: D:4-7

Altars:
The Shining One

Shops:
D:4 :*[


Message History

The ufetubus hits you but does no damage. x2
You closely miss the ufetubus.
The ufetubus is heavily wounded.
The ufetubus closely misses you. The ufetubus barely misses you.
The ufetubus hits you but does no damage.
The ufetubus barely misses you.
You hit the ufetubus.
You kill the ufetubus!
The Shining One accepts your kill.
You feel better.
You see here a hound corpse.
Found a stone staircase leading down.
There is a stone staircase leading down here.
An ogre comes into view. It is wielding a +0 giant club.
The ogre shouts!
Aiming: Throw Flame
Press: ? - help, Shift-Dir - straight line, f - ogre
Aim: an ogre, wielding a +0 giant club (haloed, 91% to hit)
The puff of flame misses the ogre.
A divine shield forms around you! The ogre misses you.
You hit the ogre.
The ogre is lightly wounded.
The ogre closely misses you.
You slash the ogre!
The ogre is moderately wounded.
You barely miss the ogre.
The ogre is moderately wounded.
You block the ogre's attack.
You slash the ogre!
The ogre is severely wounded.
The ogre hits you with a +0 giant club!!
Ouch! That really hurt!
You feel much better. The ogre hits you with a +0 giant club!
You hit the ogre but do no damage.
The ogre is severely wounded.
You slash the ogre!
The ogre is almost dead.
The ogre hits you with a +0 giant club!!
Ouch! That really hurt!
You die...

#................#
.........#.####...#)..#
#..........###.........
##................###..#
................... ...
#................###..#
#................##...#
#....O......#.........#
#######@.....####.....##
........................ #
#######>####.#.##.#####. # #.
###.###.............
#.#.######...##...#....######
#..........###..#...##...## #
####...##### #.##.######..###
#.....### ##.##.# #.....
#.##....###..#..# #.....


You could see an ogre.

Vanquished Creatures
  2 hounds (D:4)
  2 orc priests (D:3)
  Robin (D:3)
  2 gnolls (D:3)
  2 adders
  An ufetubus (D:4)
  A worm (D:4)
  2 dart slugs
  4 orcs
  6 endoplasms
  3 giant cockroaches
  9 goblins
  8 hobgoblins
  3 quokkas
  5 ball pythons
  6 bats
  6 frilled lizards
  14 kobolds
  3 rats
80 creatures vanquished.

Notes
Turn   | Place    | Note
-------+----------+-------------------------------------------
     0 | D:1      | thromnambular the Human Wanderer began the quest for the
                  | Orb.
     0 | D:1      | thromnambular set off with the following items: a +0
                  | rapier, a +0 helmet, a potion of berserk rage, a +0 robe;
                  | and the following spells available to memorise: Searing
                  | Ray, Momentum Strike.
     0 | D:1      | Reached XP level 1. HP: 13/13 MP: 2/2
   171 | D:1      | Reached skill level 1 in Fighting
   173 | D:1      | Reached XP level 2. HP: 13/21 MP: 3/3
   546 | D:1      | Reached XP level 3. HP: 27/27 MP: 4/4
   637 | D:1      | Found a faded altar of an unknown god.
   645 | D:1      | Prayed at the altar of an unknown god.
   645 | D:1      | Became a worshipper of the Shining One
   645 | D:1      | Reached * piety under the Shining One
  1258 | D:2      | Reached XP level 4. HP: 24/33 MP: 5/5
  1440 | D:3      | Noticed Robin
  1651 | D:3      | Killed Robin
  1800 | D:3      | Reached XP level 5. HP: 22/39 MP: 6/6
  2375 | D:3      | Reached ** piety under the Shining One
  2707 | D:4      | Reached skill level 1 in Armour
  2707 | D:4      | Reached XP level 6. HP: 39/46 MP: 7/7
  2794 | D:4      | Found Xuaf's Book Boutique.
  2794 | D:4      | Found Waidoshu's Assorted Antiques.
  2796 | D:4      | Found Pehesame's Antique Armour Boutique.
  2803 | D:4      | Bought an ivory wand for 96 gold pieces
  2846 | D:4      | Reached skill level 1 in Long Blades
  3038 | D:4      | Noticed an ogre
  3047 | D:4      | Mangled by an ogre

Illustrated notes

Levels and vault maps discovered:
D:1:      onia_arrival_mini_maze, layout_loops_ring,
          chequers_ecumenical_altar_simple, minmay_surrounded
D:2:      layout_loops_ring, basic_altar, chequers_serial_rivers_micro_e,
          nicolae_underground_beach
D:3:      layout_loops_ring, chequers_serial_rivers_small_b,
          lexackson_kobold_supper, uniq_robin
D:4:      layout_rooms, nicolae_shop_distant_corner_stores, kennysheep_doodads,
          lemuel_flame_loot_1, uniq_blork_the_orc

Skill      XL: |  1  2  3  4  5  6 |
---------------+-------------------+-----
Fighting       | 1 2 |  2.9
Dodging        | 2 |  2.4
Short Blades   | 3 |  3.8
Armour         | 1 |  1.5
Long Blades    | 1 |  1.4
Stealth        | |  3.2
Spellcasting   | |  1.0
Conjurations   | |  1.0
Evocations     | |  2.0

Action                     |  1- 3 |  4- 6 || total
---------------------------+-------+-------++-------
  Melee: Rapier            |   110 |    84 ||   194
         Punch             |     2 |     2 ||     4
         Long sword        |       |    68 ||    68
 Invoke: Divine Shield     |       |     1 ||     1
  Evoke: Wand              |       |     1 ||     1
    Use: Potion            |       |     2 ||     2
         Scroll            |       |     4 ||     4
   Stab: Sleeping          |     3 |       ||     3
 Armour: Robe              |    25 |     9 ||    34
         Ring mail         |       |    30 ||    30
  Dodge: Dodged            |    60 |    89 ||   149
  Block: Other             |       |     1 ||     1
